AoeStats
← zisuku

Enclosed

505711170Analyzed
1v1 RM · 2mo ago on Sep 10, 2026· 30m 44s· 2 players
Game mode
Random Map
Map size
Tiny (2 player)
Population
200
Speed
Normal
Resources
Standard
Victory
Conquest
Starting age
Dark Age
Ending age
Imperial Age
RankedLock teamsTeams togetherTeam positionsShared explorationLock speedFull tech treeHidden civsTurbo modeCheats
Victory
Defeat
🇷🇴 Portuguese · Romania
1245
+17
vs
🇭🇷 Wu · Croatia
1256
-17
zisuku
7:09 Loom
9:56 Feudal Age
12:58 Double-Bit Axe
16:23 Castle Age
17:34 Wheelbarrow
20:43 Fletching
29:24 Imperial Age
29:47 Bow Saw
30:29 Masonry
ANDREY FLANKOVICH
8:35 Loom
10:56 Feudal Age
14:36 Castle Age
12:53 Double-Bit Axe
13:41 Horse Collar
15:40 Bow Saw
17:44 Stone Mining
18:09 Town Watch
20:22 Fletching
27:28 Bodkin Arrow
29:09 Gold Mining
31:06 Ballistics
Connection lost

Rejoining the realm…

Still unreachable

The connection could not be restored.

Session expired

The server has moved on; the page needs a fresh start.